 Dungeon Crawl Stone Soup version 0.29-a0-717-g6dac4ea423 (webtiles) character file.

Game seed: 1095875651034902419

235 crusatyr the Slasher (level 5, -2/41 HPs)
             Began as a Demonspawn Monk on June 27, 2022.
             Slain by a gnoll
             ... wielding a +0 halberd
             ... led by a gnoll shaman
              (11 damage)
             ... on level 4 of the Dungeon.
             The game lasted 00:11:07 (3635 turns).

crusatyr the Slasher (Demonspawn Monk)              Turns: 3635, Time: 00:11:08

Health: -2/41      AC:  8    Str: 13    XL:     5   Next: 76%
Magic:  5/5        EV: 11    Int: 12    God:
Gold:   133        SH:  0    Dex: 15    Spells: 4/4 levels left

rFire   . . .      SeeInvis .   q - +0 long sword
rCold   . . .      Faith    .   (no shield)
rNeg    . . .      Spirit   .   j - +0 ring mail
rPois   .          Reflect  .   (helmet restricted)
rElec   .          Harm     .   m - +1 cloak
rCorr   .          Rampage  .   (no gloves)
Will    .....                   (no boots)
Stlth   +.........              (no amulet)
HPRegen 0.13/turn               (no ring)
MPRegen 0.09/turn               (no ring)

@: no status effects
A: horns 1, sharp scales 1
a: no special abilities


You were on level 4 of the Dungeon.
You visited 1 branch of the dungeon, and saw 4 of its levels.

You collected 133 gold pieces.

Inventory:

Hand Weapons
 a - a +0 falchion
 l - a +0 sling
 n - a +1 dagger of venom
 q - a +0 long sword (weapon)
Missiles
 k - 6 poisoned darts (quivered)
Armour
 j - a +0 ring mail (worn)
 m - a +1 cloak (worn)
Jewellery
 o - a ring of flight
 s - a ring of wizardry
 t - a ring of resist corrosion
Wands
 d - a wand of iceblast (11)
Scrolls
 e - 3 scrolls of identify
 f - 2 scrolls of vulnerability
 h - 2 scrolls of noise {unknown}
Potions
 b - a potion of flight
 c - 2 potions of ambrosia
 g - a potion of brilliance {unknown}
 i - a potion of degeneration {unknown}
 p - a potion of attraction {unknown}


   Skills:
 - Level 3.0 Fighting
 + Level 5.4 Long Blades
 * Level 2.1 Armour
 - Level 2.6 Dodging
 - Level 1.7 Stealth


You had 4 spell levels left.
You didn't know any spells.
Your spell library contained the following spells:

 Spells                   Type           Power      Damage    Failure   Level
 Sting                    Tmut/Pois      0%         1d3       56%         1
 Poisonous Vapours        Pois/Air       0%         N/A       71%         2
 Olgreb's Toxic Radiance  Pois           0%         N/A       100%        4


Dungeon Overview and Level Annotations

Branches:
Dungeon (4/15)
 Temple: D:4-7

Altars:

Shops:
D:2 [

Annotations:
D:3 Sigmund


Innate Abilities, Weirdness & Mutations

You have a pair of small horns on your head.
You are partially covered in razor-sharp scales. (AC +1, Slay +1)


Message History

You are too injured to fight recklessly!
You hit the gnoll.
You kill the gnoll!
The gnoll hits you from afar with a +0 halberd.
You closely miss the gnoll. The gnoll hits you but does no damage.
The gnoll closely misses you.
You hit the gnoll.
The gnoll is lightly wounded.
The gnoll closely misses you.
You closely miss the gnoll. You headbutt the gnoll.
The gnoll is heavily wounded.
The gnoll misses you. The gnoll barely misses you.
You barely miss the gnoll.
The gnoll is heavily wounded.
The gnoll completely misses you.
A goblin comes into view. It is wielding a +0 dagger.
The goblin shouts!
You hit the gnoll.
The gnoll is severely wounded.
The gnoll hits you with a +0 club. The gnoll misses you.
You hit the gnoll.
You headbutt the gnoll, but do no damage.
The gnoll is severely wounded.
The gnoll hits you from afar with a +0 halberd.
The goblin throws a stone.
The stone hits you but does no damage. The gnoll attacks as you move away!
The gnoll hits you but does no damage.
The goblin throws a stone.
The stone hits you but does no damage.
The goblin throws a stone.
The stone misses you.
The gnoll shaman calls upon its god to speed up the gnoll.
The gnoll seems to speed up.
The gnoll attacks as you move away! The gnoll completely misses you.
The gnoll hits you from afar with a +0 halberd.
* * * LOW HITPOINT WARNING * * *
The gnoll shaman calls upon its god to heal the gnoll.
The gnoll is healed somewhat.
The gnoll closely misses you.
An endoplasm comes into view.
There is a stone staircase leading up here.
The gnoll hits you from afar with a +0 halberd!
You die...

####..............
............)......
................?..
........gg.........
.......)...........
...#.....g###......
.........g..##.....
...........g....#..
..........@......#
.#..##.....†....J#
!...........>..##.
...............#
........?........
..#.....##......
.####.... ####.#
###. ##


You could see a gnoll shaman, 3 gnolls, an endoplasm (wandering) and a goblin.

Vanquished Creatures
  A howler monkey (D:4)
  A hound (D:4)
  Robin (D:2)
  6 gnolls
  3 adders
  2 orcs
  5 ball pythons
  2 bats
  2 endoplasms
  A giant cockroach (D:2)
  9 goblins
  12 hobgoblins
  9 jackals
  3 kobolds
  3 quokkas
  A frilled lizard (D:2)
  8 rats
69 creatures vanquished.

Notes
Turn   | Place    | Note
-------+----------+-------------------------------------------
     0 | D:1      | crusatyr the Demonspawn Monk began the quest for the Orb.
     0 | D:1      | Reached XP level 1. HP: 18/18 MP: 1/1
   127 | D:1      | Reached skill level 3 in Long Blades
   156 | D:1      | Found a faded altar of an unknown god.
   234 | D:1      | Gained mutation: You are partially covered in razor-sharp
                  | scales. (AC +1, Slay +1) [demonic ancestry]
   234 | D:1      | Reached XP level 2. HP: 21/24 MP: 2/2
   872 | D:2      | Noticed Robin
   900 | D:2      | Killed Robin
   901 | D:2      | Reached skill level 4 in Long Blades
   901 | D:2      | Gained mutation: You have a pair of small horns on your
                  | head. [demonic ancestry]
   901 | D:2      | Reached XP level 3. HP: 20/29 MP: 3/3
  1124 | D:2      | Found Riyqes's Antique Armour Shop.
  1857 | D:2      | Reached XP level 4. HP: 35/35 MP: 4/4
  2011 | D:3      | Noticed Sigmund
  2684 | D:3      | Reached skill level 5 in Long Blades
  3266 | D:4      | Reached XP level 5. HP: 41/41 MP: 5/5
  3280 | D:4      | Reached skill level 1 in Armour
  3635 | D:4      | Slain by a gnoll

Illustrated notes

Levels and vault maps discovered:
D:1:      dpeg_arrival_snail, layout_basic, dreamdust_ecumenical_altar_statues
D:2:      layout_basic, serial_shops, nicolae_shop_advertising_works
          [nicolae_subvault_shop_adworks], uniq_robin
D:3:      layout_basic, uniq_sigmund
D:4:      layout_cave_pools, fedhas_altar_4, led_xom_imps

Skill      XL: |  1  2  3  4  5 |
---------------+----------------+-----
Long Blades    | 3 4 5 |  5.4
Armour         | 2 |  2.1
Fighting       | |  3.0
Dodging        | |  2.6
Stealth        | |  1.7

Action                   |  1- 3 |  4- 6 || total
-------------------------+-------+-------++-------
Melee: Falchion          |    84 |       ||    84
       Long sword        |    12 |    74 ||    86
       Headbutt          |    10 |    13 ||    23
       Punch             |     1 |     1 ||     2
  Use: Scroll            |       |     7 ||     7
 Stab: Sleeping          |     2 |     1 ||     3
       Distracted        |       |     1 ||     1
Armor: Robe              |     7 |       ||     7
       Leather armour    |    17 |     9 ||    26
       Ring mail         |       |    18 ||    18
Dodge: Dodged            |    67 |    58 ||   125

Table legend: (Time is in decaauts)
 A = Elapsed time spent in this place.
 B = Non-inter-level travel time spent in this place.
 C = Inter-level travel time spent in this place.
 D = Time resting spent in this place.
 E = Time spent auto-exploring this place.
 F = Levels seen in this place.
 G = Mean time per level.
                   A        B        C        D        E       F      G
               +--------+--------+--------+--------+--------+-----+--------+
         Total |   3662 |   3410 |    252 |    214 |   2133 |   4 |  915.5 |
       Dungeon |   3662 |   3410 |    252 |    214 |   2133 |   4 |  915.5 |
               +--------+--------+--------+--------+--------+-----+--------+

Top non-repeatable levels by time:
     D:2: 1322 daAuts
     D:3: 1322 daAuts
     D:1: 772 daAuts
     D:4: 244 daAuts
